 Dungeon Crawl Stone Soup version 0.31-a0-408-gb642c7f9a3 (webtiles) character file.

Game seed: 13263537259195956229

775 LeprechaunX the Ruffian (level 7, 0/72 HPs)
             Began as an Octopode Shapeshifter on July 30, 2023.
             Slain by an orc
             ... wielding a +0 club
              (2 damage)
             ... on level 3 of the Dungeon.
             The game lasted 00:04:47 (3587 turns).

LeprechaunX the Ruffian (Octopode Shapeshifter)     Turns: 3587, Time: 00:04:48

Health: 0/72       AC: 23    Str: 14 (16) XL:     7   Next: 84%
Magic:  7/7        EV:  2    Int:  9 (10) God:
Gold:   227        SH:  0    Dex: 11 (13) Spells: 6/6 levels left

rFire   . .          .
                       - Unarmed
rCold   . . .        m - orb {light}
rNeg    . . .        (helmet currently unavailable)
rPois   +            (no amulet)
rElec   .            (no ring)
rCorr   .            (no ring)
SInv    .            (no ring)
Will    .....        (no ring)
Stlth   +            (no ring)
HPRegen 0.32/turn    (no ring)
MPRegen 0.10/turn    (no ring)
                     (no ring)

%: no passive effects
@: brilliant, tree-form, attractive, glowing, invisible (but backlit and
visible)
A: stationary, stasis, torment immunity, boosted hp, almost no armour,
(amphibious), 8 rings, (camouflage 1), (gelatinous body 1), (nimble swimmer 1),
(tentacles)
a: no special abilities


You were on level 3 of the Dungeon.
You were a tree.
You visited 1 branch of the dungeon, and saw 3 of its levels.

You collected 227 gold pieces.

Inventory:

Missiles
 j - a throwing net (quivered)
Armour
 m - an orb of light (worn)
 o - a +0 kite shield
Jewellery
 q - a ring of protection from fire
Talismans
 b - a beast talisman
Scrolls
 e - a scroll of fog {unknown}
 f - 2 scrolls of identify {unknown}
 h - a scroll of immolation {unknown}
 k - a scroll of poison {unknown}
 p - a scroll of revelation {unknown}
Potions
 a - a potion of lignification
 g - 4 potions of enlightenment
 l - a potion of curing


   Skills:
 - Level 4.0 Fighting
 - Level 2.0 Dodging
 - Level 6.0 Unarmed Combat
 + Level 5.3 Shapeshifting


You had 6 spell levels left.
You didn't know any spells.
Your spell library contained the following spells:

 Spells                   Type           Power      Damage    Failure   Level
 Kiss of Death            Conj/Necr      0%         2d5       38%         1
 Magic Dart               Conj           0%         1d3       38%         1
 Searing Ray              Conj           0%         2d4       52%         2
 Confusing Touch          Hex            0%         N/A       77%         3
 Dispel Undead            Necr           0%         3d6       99%         4
 Fulminant Prism          Conj/Hex       0%         3d5       99%         4


Dungeon Overview and Level Annotations

Branches:
Dungeon (3/15)

Altars:


Innate Abilities, Weirdness & Mutations

You are a tree.
Your roots penetrate the ground, keeping you stationary.
You cannot be teleported.
You are immune to unholy pain and torment.
Your maximum health is greatly increased.
You cannot wear most types of armour.
((You are amphibious.))
You can wear up to eight rings at the same time.
((Your skin changes colour to match your surroundings (Stealth+).))
((Your rubbery body absorbs attacks. (AC +1, EV +1)))
((You are camouflaged when in or above water. (Stealth+)))
((You have tentacles for arms and can constrict up to eight enemies at once.))


Message History

There was something very wrong with that liquid.
You feel weakened.
You feel dopey.
You feel clumsy.
Your enlightenment fades.
The gnoll hits you but does no damage. x2
It was a potion of brilliance.
You feel clever all of a sudden.
The gnoll hits you from afar with a +0 spear.
* * * LOW HITPOINT WARNING * * *
The gnoll hits you but does no damage.
It was a potion of attraction.
You feel attractive to monsters. The gnoll hits you but does no damage.
The gnoll hits you from afar with a +0 spear.
* * * LOW HITPOINT WARNING * * *
The gnoll is attracted toward you. x2; The sky beast is attracted toward you.
The orc is attracted toward you.
You smack the gnoll!
You kill the gnoll!
The gnoll hits you but does no damage.
Unknown command.
You barely miss the gnoll. The gnoll hits you but does no damage.
The orc hits you but does no damage.
Unknown command.
You barely miss the orc. The gnoll hits you but does no damage.
You barely miss the orc. The orc hits you with a +0 club.
* * * LOW HITPOINT WARNING * * *
Unknown command.
You hit the sky beast.
The sky beast is lightly wounded.
The orc hits you but does no damage. The gnoll hits you but does no damage.
Unknown command.
You closely miss the sky beast.
The sky beast is lightly wounded.
The orc hits you but does no damage.
The sky beast hits you but does no damage.
The gnoll hits you but does no damage.
You hit the sky beast but do no damage.
The sky beast is lightly wounded.
The orc hits you with a +0 club.
You die...

##########).##########.....)#####
...............................P)
~≈~≈~~~~~≈....~≈~~~~≈~~~~~~≈~≈~~~
≈≈≈≈≈≈≈≈≈≈....~~≈≈≈≈≈≈≈≈≈≈≈≈≈≈≈≈~
~)~~~~~~~~....~~≈~~~~~~≈≈)#####≈~
..............)......)....#...#≈~
##########''''#############...#≈~
####...)#######..# #'###≈~
.g...'..))'o♣Yg.'..' #.#.≈≈~
######....#######..# #.#.~≈~
##''## #.#.~≈~ ..o.. #.≈~~
........ #.~~~ ......... #.~≈~
.......... #.~≈~ #####'' #.≈≈≈
#+###≈~


You could see a sky beast (invisible), a gnoll and an orc.

Vanquished Creatures
  Sigmund (D:2)
  A kobold brigand (D:3)
  A howler monkey (D:3)
  2 hounds (D:3)
  An orc priest (D:3)
  Natasha (thrice) (D:2)
  2 orc wizards (D:3)
  4 adders (D:2)
  16 gnolls (D:3)
  2 dart slugs
  12 orcs (D:3)
  9 endoplasms
  6 giant cockroaches
  4 goblins
  4 hobgoblins
  14 jackals
  6 quokkas
  5 ball pythons
  8 bats
  7 frilled lizards
  5 kobolds
  5 rats
118 creatures vanquished.

Notes
Turn   | Place    | Note
-------+----------+-------------------------------------------
     0 | D:1      | LeprechaunX the Octopode Shapeshifter began the quest for
                  | the Orb.
     0 | D:1      | Reached XP level 1. HP: 13/13 MP: 1/1
    68 | D:1      | Reached XP level 2. HP: 14/18 MP: 2/2
   496 | D:1      | Reached XP level 3. HP: 23/23 MP: 3/3
  1114 | D:2      | Noticed Sigmund
  1119 | D:2      | Reached skill level 4 in Unarmed Combat
  1119 | D:2      | Reached XP level 4. HP: 29/29 MP: 4/4
  1136 | D:2      | Killed Sigmund
  1137 | D:2      | Reached XP level 5. HP: 36/36 MP: 5/5
  1194 | D:2      | Reached skill level 5 in Unarmed Combat
  1282 | D:2      | Noticed Natasha
  1289 | D:2      | Killed Natasha
  1290 | D:2      | Reached XP level 6. HP: 19/41 MP: 6/6
  1605 | D:2      | Noticed Natasha
  1608 | D:2      | Killed Natasha
  1638 | D:2      | Noticed Natasha
  1644 | D:2      | Killed Natasha
  2417 | D:3      | Reached XP level 7. HP: 41/46 MP: 7/7
  2438 | D:3      | Reached skill level 6 in Unarmed Combat
  3177 | D:3      | Reached skill level 5 in Shapeshifting
  3573 | D:3      | HP: 1/72 [gnoll/+0 spear (5)]
  3580 | D:3      | HP: 3/72 [gnoll/+0 spear (2)]
  3584 | D:3      | HP: 1/72 [orc/+0 club (3)]
  3587 | D:3      | Slain by an orc

Illustrated notes

Levels and vault maps discovered:
D:1:      minmay_arrival_up_and_down, layout_basic
D:2:      layout_loops_ring, uniq_sigmund, uniq_natasha
D:3:      lemuel_castle_with_subvaults [lemuel_castle_interior_original],
          layout_basic

Skill      XL: |  1  2  3  4  5  6  7 |
---------------+----------------------+-----
Fighting       | 2 3 4 |  4.0
Unarmed Combat | 4 5 6 |  6.0
Shapeshifting  | 4 5 |  5.3
Dodging        | |  2.0

Action                     |  1- 3 |  4- 6 |  7- 9 || total
---------------------------+-------+-------+-------++-------
  Melee: Unarmed           |    67 |    63 |    80 ||   210
         Constrict         |    17 |    18 |    30 ||    65
         Tentacles         |     7 |    10 |    18 ||    35
         Punch             |     2 |       |     7 ||     9
    Use: Potion            |       |     1 |     8 ||     9
   Stab: Sleeping          |    12 |     6 |       ||    18
         Distracted        |       |       |     1 ||     1
 Armour: Skin              |     7 |     9 |    28 ||    44
  Dodge: Dodged            |    40 |    19 |    47 ||   106

Table legend: (Time is in decaauts)
 A = Elapsed time spent in this place.
 B = Non-inter-level travel time spent in this place.
 C = Inter-level travel time spent in this place.
 D = Time resting spent in this place.
 E = Time spent auto-exploring this place.
 F = Levels seen in this place.
 G = Mean time per level.
                   A        B        C        D        E       F      G
               +--------+--------+--------+--------+--------+-----+--------+
         Total |   3573 |   3488 |     85 |    577 |   2152 |   3 | 1191.0 |
       Dungeon |   3573 |   3488 |     85 |    577 |   2152 |   3 | 1191.0 |
               +--------+--------+--------+--------+--------+-----+--------+

Top non-repeatable levels by time:
     D:3: 1580 daAuts
     D:1: 1059 daAuts
     D:2: 933 daAuts
